 Dungeon Crawl Stone Soup version 0.29-a0-1009-g60c99734e7 (webtiles) character file.

Game seed: 17746478674020427906

1348 Sobieck the Ruffian (level 8, 0/68 HPs)
             Began as a Ghoul Brigand on Aug 8, 2022.
             Slain by a hound (1 damage)
             ... on level 5 of the Dungeon.
             The game lasted 00:13:07 (6658 turns).

Sobieck the Ruffian (Ghoul Brigand)                 Turns: 6658, Time: 00:13:08

Health: 0/68       AC:  9    Str: 21    XL:     8   Next: 63%
Magic:  7/7        EV: 10    Int:  6    God:
Gold:   325        SH:  0    Dex: 10    Spells: 7/7 levels left

rFire   x . .      SeeInvis .   b - +0 sling (vorpal)
rCold   + + .      Faith    .   (no shield)
rNeg    + + +      Spirit   .   r - +0 ring mail
rPois   ∞          Reflect  .   m - +0 helmet
rElec   .          Harm     .   c - +0 cloak
rCorr   .          Rampage  .   (no gloves)
Will    .....                   z - +0 pair of boots
Stlth   ++........              o - amulet of magic regeneration {@e2}
HPRegen 0.00/turn               v - ring "Peylec" {Ice Str+4}
MPRegen 0.50/turn               (no ring)

@: inhibited regen
A: claws 1, cold resistance 1, negative energy resistance 3, inhibited
regeneration, torment resistance 2, devour on kill
a: no special abilities


You were on level 5 of the Dungeon.
You visited 1 branch of the dungeon, and saw 6 of its levels.

You collected 325 gold pieces.


Innate Abilities, Weirdness & Mutations

You are immune to poison.
You have sharp fingernails.
Your flesh is cold resistant. (rC+)
You are immune to negative energy. (rN+++)
You do not regenerate when monsters are visible.
You are immune to unholy pain and torment.
You thrive by killing the living.


   Skills:
 + Level 5.3 Fighting
 - Level 1.7 Short Blades
 + Level 4.4 Throwing
 + Level 3.9 Armour
 - Level 0.8 Dodging
 - Level 4.3 Stealth
 * Level 7.0 Unarmed Combat


You had 7 spell levels left.
You didn't know any spells.
Your spell library contained the following spells:

 Spells                   Type           Power      Damage    Failure   Level
 Sandblast                Erth           0%         2d4       63%         1
 Summon Small Mammal      Summ           0%         N/A       63%         1
 Passwall                 Tmut/Erth      0%         N/A       77%         2
 Call Canine Familiar     Summ           0%         N/A       94%         3
 Stone Arrow              Conj/Erth      0%         3d7       94%         3
 Summon Guardian Golem    Hex/Summ       0%         N/A       94%         3

Inventory:

Hand Weapons
 b - a +0 vorpal sling (weapon)
   (You found it on level 1 of the Dungeon)
 s - a +2 dagger {short}
 u - a +0 spear {polearm}
   (You found it on level 2 of the Dungeon)
Missiles
 d - 11 poisoned darts {throwing}
 e - 3 curare-tipped darts {=fthrowing}
 k - 33 stones {throwing}
 C - 2 boomerangs {throwing}
 L - a throwing net {=f!fthrowing}
Armour
 a - a +0 robe
   (You found it on level 5 of the Dungeon)
 c - a +0 cloak (worn)
 h - a +0 robe
 i - a +0 plate armour
   (You found it on level 1 of the Dungeon)
 j - a +0 leather armour
   (You found it on level 1 of the Dungeon)
 l - a +0 robe
   (You found it on level 1 of the Dungeon)
 m - a +0 helmet (worn)
   (You found it on level 1 of the Dungeon)
 q - a +0 chain mail
   (You took it off an orc warrior on level 5 of the Dungeon)
 r - a +0 ring mail (worn)
   (You found it on level 2 of the Dungeon)
 w - a +0 ring mail
   (You found it on level 3 of the Dungeon)
 z - a +0 pair of boots (worn)
   (You found it on level 3 of the Dungeon)
 B - a +0 leather armour
   (You found it on level 3 of the Dungeon)
 D - a +0 ring mail
   (You found it on level 3 of the Dungeon)
 E - a +0 leather armour
   (You took it off an orc on level 4 of the Dungeon)
 G - a +0 robe
   (You took it off an orc wizard on level 4 of the Dungeon)
 H - a +0 leather armour
   (You took it off an orc on level 4 of the Dungeon)
 I - a +0 chain mail
   (You took it off a kobold on level 4 of the Dungeon)
 K - a +2 hat
   (You found it on level 4 of the Dungeon)
 M - a +0 robe
   (You took it off an orc wizard on level 5 of the Dungeon)
 O - a +0 robe
   (You took it off an orc wizard on level 5 of the Dungeon)
 P - a +0 robe
   (You took it off an orc wizard on level 5 of the Dungeon)
 Q - a +0 leather armour
   (You took it off an orc on level 5 of the Dungeon)
 R - a +0 leather armour
   (You took it off an orc on level 5 of the Dungeon)
 T - a +0 robe
   (You took it off an orc wizard on level 5 of the Dungeon)
 U - a +0 leather armour
   (You found it on level 5 of the Dungeon)
 V - a +0 robe
   (You found it on level 5 of the Dungeon)
 W - a +0 leather armour
   (You took it off an orc on level 5 of the Dungeon)
 X - a +0 scale mail
   (You found it on level 5 of the Dungeon)
Magical Staves
 F - a staff of poison {!astaff}
   (You took it off an orc wizard on level 4 of the Dungeon)
Jewellery
 o - an amulet of magic regeneration (around neck) {@e2}
   (You found it on level 1 of the Dungeon)
 v - the ring "Peylec" (left claw) {Ice Str+4}
   (You found it on level 4 of the Dungeon)

   [ring of ice]

   It enhances your ice magic.
   Str:       It affects your strength (+4).
   rF:        It makes you vulnerable to fire.
   rC:        It protects you from cold.
Wands
 A - a wand of roots (8)
   (You found it on level 3 of the Dungeon)
 Y - a wand of charming (9)
   (You found it on level 5 of the Dungeon)
Scrolls
 g - a scroll of amnesia
 y - a scroll of teleportation {@r4}
 Z - a scroll of magic mapping {!r}
Potions
 f - a potion of berserk rage {!q}
 n - 6 potions of curing {@q1}
 p - 3 potions of magic
 t - 2 potions of resistance {unknown}
 x - a potion of heal wounds {unknown}
 N - a potion of lignification {unknown}
 S - a potion of cancellation {unknown}

Dungeon Overview and Level Annotations

Branches:
Dungeon (6/15) Zot: 26779
 Temple: D:4-7

Altars:
Cheibriados

Annotations:
D:1 1 runed translucent door
D:2 Scorion

####..........#....)..##.#
.....###################.#
####.##.......#..........#
.# #.##.#####.#.##########
.###.##.#####.#.#
..##....##....#.#
..##.#####.####.#
..##.#####.####y###
#..............y@.#
#.######.###.##hy.# #.#
##....###.## #.# ####.#
#.#### #.# ##.###....###
#.# #...........# #.#
#..######.#.# #.# #).#
#.#.# #.# #######..# #.#.#


You could see a hound (inner flame) and 3 killer bees.


Message History

Throw: 10 darts (poison) {throwing}
Press: ? - help, Q - select action, (/) - cycle Shift-Dir - straight line, f/p - ogre
Aim: an ogre, wielding a +0 giant spiked club (moderately wounded, very poisoned, 75% to hit)
You throw a poisoned dart {throwing}.
The poisoned dart {throwing} hits the ogre.
The ogre looks even sicker.
You scratch the ogre. The ogre closely misses you.
You completely miss the ogre. You claw the ogre! You claw the ogre!
You kill the ogre!
Your Unarmed Combat skill increases to level 7!
No target in view!
Unknown command.
b - a +0 vorpal sling (weapon)
Things that are here:
a +0 giant spiked club {mace}; an ogre corpse
d - 10 poisoned darts {throwing} (gained 1)
d - 11 poisoned darts {throwing} (gained 1)
You open the door.
There is an open door here.
You open the door.
There is an open door here.
You now have 325 gold pieces (gained 8).
An orc comes into view. It is wielding a +0 hand axe.
Found a snail-covered altar of Cheibriados.
Danger!
You shoot a sling bullet. The sling bullet hits the orc.
The orc shouts!
You hear a bark!
A killer bee comes into view.
A hound comes into view.
A killer bee comes into view.
A hound comes into view.
You shoot a sling bullet.
The sling bullet closely misses the orc.
The killer bee buzzes angrily.
The hound barks!
You hear an angry buzzing noise.
The hound stops to sniff the ground.
A killer bee comes into view. x2
You shoot a sling bullet.
The sling bullet completely misses the killer bee.
The killer bee buzzes angrily.
A killer bee comes into view.
The killer bee stings you but does no damage.
The killer bee stings you but does no damage.
The killer bee stings you.
The killer bee attacks as you move away!
The killer bee closely misses you.
The killer bee attacks as you move away!
The killer bee closely misses you. The killer bee stings you. x2
The killer bee stings you but does no damage.
The killer bee closely misses you.
The killer bee attacks as you move away!
The killer bee closely misses you.
The killer bee stings you but does no damage.
The killer bee barely misses you. The killer bee completely misses you.
The killer bee stings you but does no damage.
The killer bee stings you.
The killer bee attacks as you move away!
The killer bee closely misses you. The killer bee misses you.
There is a stone staircase leading up here.
The hound bites you. The killer bee barely misses you.
The killer bee stings you! The hound bites you but does no damage.
The killer bee barely misses you. The killer bee closely misses you.
The killer bee stings you!
You climb upwards.
There is a stone staircase leading down here.
Unknown command.
Unknown command.
The killer bee attacks as you move away!
The killer bee stings you!
* * * LOW HITPOINT WARNING * * *
The killer bee stings you.
* * * LOW HITPOINT WARNING * * *
The killer bee barely misses you. The killer bee stings you.
* * * LOW HITPOINT WARNING * * *
The killer bee barely misses you. The killer bee stings you!
* * * LOW HITPOINT WARNING * * *
Really attack while wielding your +0 vorpal sling?
Okay, then.
Really quaff
f - a potion of berserk rage {!q}?
Okay, then.
Unknown command.
Okay, then.
Unknown command.
As you read the scroll labelled VIK WEDAPTOO, it crumbles to dust.
It is a scroll of amnesia.
You feel forgetful for a moment. The hound closely misses you.
The killer bee barely misses you. x2
The killer bee stings you but does no damage.
The hound bites you but does no damage. The killer bee stings you.
* * * LOW HITPOINT WARNING * * *
The killer bee stings you but does no damage.
The killer bee stings you.
* * * LOW HITPOINT WARNING * * *
Unknown command.
As you read the scroll labelled BURUEDGH TADI, it crumbles to dust.
The creatures around you are filled with an inner flame!
It was a scroll of immolation.
The killer bee stings you.
* * * LOW HITPOINT WARNING * * *
The killer bee closely misses you. x2; The hound bites you.
You die...

Skill      XL: |  1  2  3  4  5  6  7  8 |
---------------+-------------------------+-----
Unarmed Combat | 1 2 3 4 5 7 |  7.0
Throwing       | 2 3 4 |  4.4
Armour         | 1 2 3 |  3.9
Fighting       | 3 4 5 |  5.3
Short Blades   | |  1.7
Dodging        | |  0.8
Stealth        | |  4.3

Action                   |  1- 3 |  4- 6 |  7- 9 || total
-------------------------+-------+-------+-------++-------
Melee: Dagger            |    89 |       |       ||    89
       Unarmed           |    15 |   148 |   137 ||   300
       Punch             |       |     3 |     2 ||     5
 Fire: Sling             |    45 |    39 |    35 ||   119
Throw: Dart              |       |     3 |    12 ||    15
  Use: Scroll            |       |     9 |     5 ||    14
Armor: Robe              |    32 |     4 |       ||    36
       Ring mail         |       |    53 |    71 ||   124
Dodge: Dodged            |    54 |    85 |    65 ||   204

Levels and vault maps discovered:
D:1:      dpeg_arrival_caged_fury, layout_rooms, shapermc_ecumenical_altar_venn
D:2:      layout_basic
D:3:      layout_basic
D:4:      minmay_clustersquares, layout_basic, minmay_stone_trees_small
D:5:      layout_loops_ring, serial_co_window_serial, co_window_paths_a,
          co_window_paths_a, co_window_paths_a, co_window_cross_1,
          co_window_corner_a, co_window_corner_b, co_window_2corner,
          co_window_paths_c, co_window_2corner, co_window_corner_b,
          co_window_4corner_b, glass_columns_a, glass_columns_b,
          glass_columns_a, glass_columns_b
D:6:      lemuel_castle_with_subvaults [lemuel_castle_interior_carwin_1],
          layout_basic, grunt_temple_overflow_open

Notes
Turn   | Place    | Note
-------+----------+-------------------------------------------
     0 | D:1      | Sobieck the Ghoul Brigand began the quest for the Orb.
     0 | D:1      | Reached XP level 1. HP: 17/17 MP: 0/0
     1 | D:1      | Found a runed translucent door.
   282 | D:1      | Reached skill level 1 in Unarmed Combat
   282 | D:1      | Reached XP level 2. HP: 25/25 MP: 1/1
   430 | D:1      | Found a faded altar of an unknown god.
   561 | D:1      | Reached skill level 2 in Throwing
   792 | D:2      | Noticed a scorpion
   847 | D:1      | Reached XP level 3. HP: 28/30 MP: 2/2
  1152 | D:2      | Reached skill level 1 in Armour
  1152 | D:2      | Reached skill level 2 in Unarmed Combat
  1519 | D:3      | Noticed a necrophage
  1536 | D:3      | Killed a necrophage
  1537 | D:3      | Reached skill level 3 in Fighting
  1537 | D:3      | Reached XP level 4. HP: 19/38 MP: 3/3
  2206 | D:4      | Reached skill level 3 in Unarmed Combat
  2206 | D:4      | Reached XP level 5. HP: 13/45 MP: 4/4
  2635 | D:4      | Reached skill level 3 in Throwing
  2635 | D:4      | Reached skill level 2 in Armour
  2635 | D:4      | Reached XP level 6. HP: 44/51 MP: 5/5
  2735 | D:4      | You pick up a book of Geomancy and begin reading...
  2735 | D:4      | You add the spells Sandblast, Passwall and Stone Arrow to
                  | your library.
  2964 | D:4      | Identified the ring "Peylec" {Ice Str+4}
  3085 | D:3      | Reached skill level 4 in Unarmed Combat
  3290 | D:4      | HP: 12/52 [orc wizard/puff of flame (15)]
  4119 | D:5      | Entered Level 5 of the Dungeon
  4136 | D:5      | Reached skill level 4 in Fighting
  4136 | D:5      | Reached XP level 7. HP: 59/59 MP: 6/6
  4247 | D:5      | Reached skill level 5 in Unarmed Combat
  4721 | D:5      | Reached skill level 3 in Armour
  5183 | D:5      | Noticed a vampire mosquito
  5224 | D:5      | Reached XP level 8. HP: 64/67 MP: 7/7
  5653 | D:5      | Reached skill level 4 in Throwing
  5653 | D:5      | Reached skill level 6 in Unarmed Combat
  6168 | D:5      | Reached skill level 5 in Fighting
  6591 | D:6      | You pick up a book of Callings and begin reading...
  6591 | D:6      | You add the spells Summon Small Mammal, Call Canine
                  | Familiar and Summon Guardian Golem to your library.
  6622 | D:6      | Reached skill level 7 in Unarmed Combat
  6645 | D:6      | Found a snail-covered altar of Cheibriados.
  6656 | D:5      | HP: 13/68 [killer bee (8)]
  6657 | D:5      | HP: 5/68 [killer bee (6)]
  6658 | D:5      | HP: 1/68 [killer bee (4)]
  6658 | D:5      | Slain by a hound

Vanquished Creatures
  2 vampire mosquitoes (D:5)
  An ice beast (D:5)
  An orc warrior (D:5)
  2 ogres
  2 necrophages
  2 scorpions
  An orc priest (D:5)
  4 iguanas
  5 orc wizards
  5 adders
  9 gnolls
  2 white imps
  An ufetubus (D:5)
  3 worms
  3 dart slugs
  14 orcs
  3 bats
  2 endoplasms
  2 giant cockroaches
  2 goblins (D:2)
  4 hobgoblins
  4 jackals
  2 quokkas (D:3)
  9 ball pythons
  4 frilled lizards
  6 kobolds
  2 rats (D:3)
97 creatures vanquished.

Table legend:
 A = Non-vault XP
 B = Vault XP
 C = Vault XP percentage of total XP
 D = Non-vault monster count
 E = Vault monster count
 F = Vault count percentage of total count
                 A         B        C        D         E       F
            +---------+---------+-------+---------+---------+-------
      Total |    1827 |     100 |   5.2 |      85 |      12 |  12.4
            +---------+---------+-------+---------+---------+-------
        D:1 |      34 |       0 |   0.0 |      14 |       0 |   0.0
        D:2 |     102 |       0 |   0.0 |      13 |       0 |   0.0
        D:3 |     100 |      39 |  28.1 |      10 |       4 |  28.6
        D:4 |     294 |      61 |  17.2 |      19 |       8 |  29.6
        D:5 |    1161 |       0 |   0.0 |      23 |       0 |   0.0
        D:6 |     136 |       0 |   0.0 |       6 |       0 |   0.0
            +---------+---------+-------+---------+---------+-------

Illustrated notes

Table legend:
 A = Kills in this place as a percentage of kills in entire the game.
 B = Kills by you in this place as a percentage of kills by you in the entire game.
 C = Kills by friends in this place as a percentage of kills by friends in the entire game.
 D = Other kills in this place as a percentage of other kills in the entire game.
 E = Experience gained in this place as a percentage of experience gained in the entire game.
 F = Experience gained in this place divided by the number of levels of this place that you have seen.
                   A       B       C       D       E      F
               +-------+-------+-------+-------+-------+----------------------
         Total | 100.0 | 100.0 |   N/A |   N/A | 100.0 | 321.2
       Dungeon | 100.0 | 100.0 |   N/A |   N/A | 100.0 | 321.2
               +-------+-------+-------+-------+-------+----------------------

Table legend: (Time is in decaauts)
 A = Elapsed time spent in this place.
 B = Non-inter-level travel time spent in this place.
 C = Inter-level travel time spent in this place.
 D = Time resting spent in this place.
 E = Time spent auto-exploring this place.
 F = Levels seen in this place.
 G = Mean time per level.
                   A        B        C        D        E       F      G
               +--------+--------+--------+--------+--------+-----+--------+
         Total |   6645 |   6462 |    183 |   1766 |   3486 |   6 | 1107.5 |
       Dungeon |   6645 |   6462 |    183 |   1766 |   3486 |   6 | 1107.5 |
               +--------+--------+--------+--------+--------+-----+--------+

Top non-repeatable levels by time:
     D:5: 2054 daAuts
     D:4: 1914 daAuts
     D:3: 1051 daAuts
     D:1: 799 daAuts
     D:2: 614 daAuts
     D:6: 211 daAuts
